 Dungeon Crawl Stone Soup version 0.20.0-14-g326068f (webtiles) character file.

39 Gorglomux the Gusty (level 3, 0/23 HPs)
             Began as a Halfling Air Elementalist on June 8, 2017.
             Succumbed to an adder's poison
             ... on level 2 of the Dungeon.
             The game lasted 00:05:44 (1948 turns).

Gorglomux the Gusty (Halfling Air Elementalist)     Turns: 1948, Time: 00:05:45

Health: 0/23       AC:  2    Str:  9    XL:     3   Next: 67%
Magic:  1/5        EV: 21    Int: 13    God:
Gold:   78         SH:  0    Dex: 20    Spells: 4/5 levels left

rFire    . . .     SeeInvis .   a - +0 hunting sling
rCold    . . .     Gourm    .   (shield restricted)
rNeg     . . .     Faith    .   s - +0 robe
rPois    .         Spirit   .   (no helmet)
rElec    .         Reflect  .   (no cloak)
rCorr    .         Harm     .   (no gloves)
MR       .....                  (no boots)
Stlth    ++++......             (no amulet)
Regen    0.1/turn               (no ring)
MPRegen  0.1/turn               (no ring)

@: agile, lethally poisoned (0 -> -14), very slightly contaminated
A: mutation resistance 1
a: no special abilities


You were on level 2 of the Dungeon.
You were hungry.

You visited 1 branch of the dungeon, and saw 2 of its levels.

You collected 78 gold pieces.

Inventory:

Hand Weapons
 a - a +0 hunting sling (weapon)
 b - a +0 dagger
Missiles
 q - 6 stones
 r - 13 sling bullets (quivered)
Armour
 s - a +0 robe (worn)
Scrolls
 i - 2 scrolls of teleportation {unknown}
 l - 3 scrolls of identify {unknown}
 n - a scroll of blinking {unknown}
 o - 2 scrolls of fog {unknown}
 p - a scroll of enchant weapon {unknown}
Books
 e - a book of Air

   Spells                             Type                      Level
   a - Shock                          Conjuration/Air              1
   b - Swiftness                      Charms/Air                   2
   c - Static Discharge               Conjuration/Air              3
   d - Airstrike                      Air                          4
   e - Lightning Bolt                 Conjuration/Air              5
Comestibles
 c - 4 bread rations
 j - a royal jelly
 t - 3 chunks of flesh


   Skills:
 + Level 1.5 Fighting
 + Level 0.4 Slings
 + Level 2.8 Dodging
 - Level 3.0 Stealth
 - Level 1.5 Spellcasting
 - Level 0.7 Conjurations
 - Level 3.0 Air Magic


You had 4 spell levels left.
You knew the following spells:

 Your Spells              Type           Power        Failure   Level  Hunger
a - Shock                 Conj/Air       #...         12%         1    ##.....


Dungeon Overview and Level Annotations

Branches:
Dungeon (2/15)

Altars:
Vehumet


Innate Abilities, Weirdness & Mutations

You are small and have problems with some larger weapons.
You are somewhat resistant to further mutation.


Message History

Firing (i - inventory. (,) - cycle):
r - 16 sling bullets (quivered)
Press: ? - help, Shift-Dir - straight line, f/p - adder
Aim: an adder (moderately wounded)
You shoot a sling bullet.
The sling bullet hits the adder but does no damage.
The adder is moderately wounded.
* * * LOW HITPOINT WARNING * * *
You feel sick. The adder completely misses you.
Firing (i - inventory. (,) - cycle):
r - 15 sling bullets (quivered)
Press: ? - help, Shift-Dir - straight line, f/p - adder
Aim: an adder (moderately wounded)
You shoot a sling bullet. The sling bullet hits the adder.
The adder is severely wounded.
* * * LOW HITPOINT WARNING * * *
You feel sick. The adder barely misses you. The adder completely misses you.
Firing (i - inventory. (,) - cycle):
r - 14 sling bullets (quivered)
Press: ? - help, Shift-Dir - straight line, f/p - adder
Aim: an adder (severely wounded)
You shoot a sling bullet. The sling bullet misses the adder.
You die...

####. .. # ........
..#......##..# #
#...#.........# #
#..##....#....#####
#.#..##..........##..
##.#..##.# #.........
#.....#..####.........
#....@S((#............
#......#.#...#........
#.....##.#..#.#.......
#..........#._.#..##..
#.....#.(...#.#.....#.
##........#...#...##...
#.................##..#
#.....<.........#.....
#......##........##.


You could see an adder.

Vanquished Creatures
  A worm (D:2)
  2 leopard geckos (D:1)
  2 giant cockroaches (D:1)
  5 goblins
  9 hobgoblins
  A quokka (D:1)
  5 bats
  A frilled lizard (D:1)
  3 kobolds
  3 rats
32 creatures vanquished.

Notes
Turn   | Place    | Note
-------+----------+-------------------------------------------
     0 | D:1      | Gorglomux the Halfling Air Elementalist began the quest for the Orb.
     0 | D:1      | Reached XP level 1. HP: 11/11 MP: 3/3
   385 | D:1      | Reached XP level 2. HP: 18/18 MP: 1/4
   499 | D:1      | Reached skill level 1 in Fighting
  1261 | D:1      | Reached XP level 3. HP: 23/23 MP: 0/5
  1710 | D:2      | Found a faded altar of an unknown god.
  1796 | D:2      | Found a radiant altar of Vehumet.
  1808 | D:2      | Reached skill level 3 in Stealth
  1948 | D:2      | Succumbed to an adder's poison

Skill      XL: |  1  2  3 |
---------------+----------+-----
Fighting       | 1 |  1.5
Stealth        | 3 |  3.0
Slings         | |  0.4
Dodging        | |  2.8
Spellcasting   | |  1.5
Conjurations   | |  0.7
Air Magic      | |  3.0

Action                   || total
-------------------------++-------
Melee: Dagger            ||    71
       Unarmed           ||     5
 Fire: Hunting sling     ||    25
 Cast: Shock             ||    52
  Use: Potion            ||     3
 Stab: Sleeping          ||     2
  Eat: Chunk             ||     4
Armor: Robe              ||    13
Dodge: Dodged            ||    81
